Map: [ESL] Tropical Sacrifice

Players

Serral - Winner!

  • Race: Zerg Zerg
  • Spawn Location: 1:00

RagnaroK (SHIN)

  • Race: Zerg Zerg
  • Spawn Location: 7:00

Event: DreamHack SC2 Masters 2022 Atlanta (Offline)

VOD

Have the link to the VOD?

Description

Time

  • Played on: Nov. 19, 2022, 4:44 p.m.
  • Length: 7:30

All games in this series

Show
View Real Time Build Order
Export as new Build Order

Serral Zerg - Winner!

Build Orders: Hatch First, Zergling Baneling 

Get SALT Encoding   

  12  0:00  Drone  
  13  0:12  Overlord  
  13  0:17  Drone  
  14  0:30  Drone  
  14  0:31  Drone  
  16  0:49  Hatchery  
  15  0:53  Drone  
  15  0:56  Drone  
  17  0:59  Drone  
  18  1:10  Extractor  
  17  1:15  Spawning Pool  
  16  1:18  Drone  
  16  1:21  Drone  
  18  1:28  Drone  
  19  1:38  Drone  
  20  1:49  Drone  
  21  2:01  Queen  
  21  2:03  Queen  
  21  2:04  Zergling x2, Overlord  
  26  2:12  Drone x2  
  26  2:13  Metabolic Boost  
  28  2:23  Zergling x2, Drone  
  30  2:36  Hatchery  
  29  2:39  Drone  
  29  2:42  Drone  
  31  2:44  Drone  
  31  2:50  Baneling Nest  
  31  2:56  Overlord  
  31  2:58  Drone  
  32  2:59  Drone  
  33  3:07  Zergling x2  
  33  3:08  Drone  
  35  3:15  Drone x3  
  37  3:21  Overlord  
  37  3:23  Zergling x4  
  37  3:26  Queen  
  39  3:33  Zergling x4  
  43  3:37  Baneling x2  
  43  3:42  Zergling x4  
  43  3:47  Zergling x12  
  51  4:00  Zergling x10  
  55  4:11  Zergling x6  
  58  4:19  Evolution Chamber  
  58  4:20  Zergling x2, Overlord x2  
  58  4:22  Baneling x8  
  57  4:33  Zergling x6  
  57  4:37  Zergling x8  
  56  4:43  Zergling x2  
  56  4:48  Zergling x10  
  61  4:53  Zergling x6  
  61  4:55  Zergling x2  
  65  5:01  Zergling x2  
  65  5:03  Zergling x6  
  69  5:08  Baneling x5  
  69  5:11  Zergling x4  
  71  5:15  Overlord  
  71  5:19  Zergling x4  
  73  5:28  Zergling x6  
  73  5:33  Baneling x2  
  64  5:39  Zergling x10  
  64  5:46  Zergling x8  
  59  5:54  Zergling x2  
  59  5:55  Zergling x8  
  57  6:06  Zergling x12  
  61  6:17  Roach Warren  
  57  6:18  Zergling x6  
  59  6:25  Zergling x6  
  58  6:45  Drone x2  
  62  6:47  Extractor  
  62  6:48  Drone x3  
  62  6:54  Zergling x10  
  62  6:55  Baneling x4  
  62  6:57  Baneling x2  
  62  6:59  Baneling x4  
  67  7:03  Zergling x8  
  67  7:04  Zergling x2  
  73  7:09  Baneling  
Show
View Real Time Build Order
Export as new Build Order

RagnaroK Zerg 

Build Orders: Hatch First 

Get SALT Encoding   

  12  0:00  Drone  
  13  0:12  Overlord  
  13  0:17  Drone  
  14  0:31  Drone x2  
  16  0:49  Hatchery  
  15  0:52  Drone  
  15  0:55  Drone  
  17  0:59  Drone  
  18  1:09  Extractor  
  17  1:15  Spawning Pool  
  17  1:18  Drone  
  17  1:21  Drone  
  18  1:28  Drone  
  19  1:39  Drone  
  20  1:50  Drone  
  21  2:01  Queen x2  
  21  2:02  Zergling x2, Overlord  
  26  2:11  Drone  
  26  2:12  Drone  
  26  2:13  Metabolic Boost  
  28  2:23  Drone x2  
  30  2:33  Drone  
  30  2:34  Drone  
  32  2:41  Hatchery  
  31  2:44  Drone  
  31  2:50  Queen  
  34  2:56  Drone, Evolution Chamber  
  34  3:01  Overlord  
  34  3:08  Zergling x4  
  36  3:19  Roach Warren  
  36  3:20  Zergling x10  
  36  3:22  Zergling x2  
  36  3:25  Zergling x2  
  43  3:30  Overlord  
  43  3:31  Drone  
  44  3:38  Overlord  
  44  3:42  Overlord  
  44  3:59  Roach  
  44  4:00  Roach x5  
  52  4:03  Roach  
  52  4:06  Roach  
  56  4:10  Roach  
  56  4:14  Drone x2  
  59  4:18  Drone x2  
  59  4:21  Drone  
  59  4:22  Roach  
  62  4:26  Evolution Chamber  
  62  4:29  Overlord  
  61  4:32  Roach  
  61  4:36  Zergling x4  
  61  4:37  Ravager  
  58  4:42  Drone  
  58  4:43  Drone x3  
  61  4:46  Extractor  
  60  4:58  Drone x4  
  64  5:05  Drone x4  
  64  5:07  Extractor  
  67  5:09  Overlord  
  67  5:13  Roach  
  67  5:14  Roach x2  
  72  5:15  Roach  
  72  5:18  Roach  
  76  5:22  Roach  
  76  5:23  Roach  
  76  5:25  Roach  
  81  5:29  Roach  
  81  5:30  Roach  
  81  5:33  Roach  
  81  5:34  Zergling x2  
  82  5:36  Roach  
  82  5:38  Roach  
  82  5:42  Roach  
  82  5:44  Zergling x2  
  82  5:47  Roach  
  64  5:50  Zergling x2  
  64  5:52  Zergling x2  
  64  5:56  Zergling x2  
  63  6:03  Zergling x2  
  51  6:12  Zergling x4  
  51  6:14  Zergling x2  
  51  6:18  Zergling x2  
  50  6:20  Zergling x2  
  50  6:23  Zergling x2  
  50  6:24  Zergling x2  
  51  6:30  Zergling x2  
  49  6:33  Zergling x2  
  49  6:35  Zergling x2  
  49  6:41  Drone  
  49  6:43  Drone  
  50  6:47  Drone  
  50  6:52  Zergling x2  
  52  6:58  Roach  
  52  6:59  Drone  
  55  7:05  Roach  
  57  7:10  Roach  
Tags
 
Add a new tag
Caveats
  • Supply blocks, unpowered buildings, or Contaminate may cause inaccurate times.
  • Supply counts are checked every 10 seconds.